 Dungeon Crawl Stone Soup version 0.30-a0-250-g41c1d76940 (webtiles) character file.

Game seed: 10223857422861075433

112 drewk1942 the Skirmisher (level 4, 0/38 HPs)
             Began as a Gnoll Hunter on Oct 12, 2022.
             Killed by nerve-wracking pain
             ... invoked by Grinder
              (13 damage)
             ... on level 3 of the Dungeon.
             The game lasted 00:05:04 (1860 turns).

drewk1942 the Skirmisher (Gnoll Hunter)             Turns: 1860, Time: 00:05:06

Health: 0/38       AC: 10    Str: 10    XL:     4   Next: 95%
Magic:  6/6        EV:  5    Int:  9    God:
Gold:   179        SH:  0    Dex: 17    Spells: 5/5 levels left

rFire   . . .      SeeInvis .    a - +0 shortbow
rCold   . . .      Faith    .    (shield currently unavailable)
rNeg    . . .      Spirit   .    d - +0 chain mail
rPois   .          Reflect  .    (no helmet)
rElec   .          Harm     .    l - +0 cloak
rCorr   .          Rampage  .    (no gloves)
Will    .....                    e - +0 pair of boots
Stlth   ..........               (no amulet)
HPRegen 0.26/turn                (no ring)
MPRegen 0.10/turn                (no ring)

@: no status effects
A: fangs 1, strong nose, distributed training
a: no special abilities


You were on level 3 of the Dungeon.
You visited 1 branch of the dungeon, and saw 3 of its levels.

You collected 179 gold pieces.

Inventory:

Hand Weapons
 a - a +0 shortbow (weapon)
Armour
 c - a +0 leather armour
 d - a +0 chain mail (worn)
 e - a +0 pair of boots (worn)
 l - a +0 cloak (worn)
Scrolls
 b - 2 scrolls of immolation
 h - a scroll of torment
 m - a scroll of fear {unknown}
Potions
 f - a potion of haste {unknown}
 g - 2 potions of ambrosia {unknown}
 i - 4 potions of attraction {unknown}
 k - a potion of lignification
 n - a potion of brilliance {unknown}


   Skills:
 + Level 4.7 Fighting
 + Level 1.3 Short Blades
 + Level 1.3 Long Blades
 + Level 1.3 Axes
 + Level 1.3 Maces & Flails
 + Level 1.3 Polearms
 + Level 1.3 Staves
 + Level 8.6 Ranged Weapons
 + Level 1.3 Throwing
 + Level 1.3 Armour
 + Level 4.7 Dodging
 + Level 2.7 Stealth
 + Level 1.3 Shields
 + Level 1.3 Unarmed Combat
 + Level 1.3 Spellcasting
 + Level 1.1 Conjurations
 + Level 1.1 Hexes
 + Level 1.1 Summonings
 + Level 1.1 Necromancy
 + Level 1.1 Translocations
 + Level 1.1 Transmutations
 + Level 1.1 Fire Magic
 + Level 1.1 Ice Magic
 + Level 1.1 Air Magic
 + Level 1.1 Earth Magic
 + Level 1.1 Poison Magic
 + Level 1.5 Invocations
 + Level 1.3 Evocations


You had 5 spell levels left.
You didn't know any spells.
Your spell library contained the following spells:

 Spells                   Type           Power      Damage    Failure   Level
 Freeze                   Ice            8%         1d3       100%        1
 Frozen Ramparts          Ice            4%         1d1       100%        3
 Hailstorm                Conj/Ice       2%         3d3       100%        3


Dungeon Overview and Level Annotations

Branches:
Dungeon (3/15)

Altars:

Shops:
D:1 =   D:2 :

Annotations:
D:3 Grinder


Innate Abilities, Weirdness & Mutations

You have very sharp teeth.
Your uncanny sense of smell can sniff out nearby items.
Your experience applies equally to all skills.


Message History

Press: ? - help, Q - select action Shift-Dir - straight line, f/p - Grinder
Aim: Grinder (lightly wounded, 63% to hit)
You shoot an arrow.
The arrow hits Grinder but does no damage.
Grinder is lightly wounded.
Grinder hits you but does no damage.
Fire: a) +0 shortbow
Press: ? - help, Q - select action Shift-Dir - straight line, f/p - Grinder
Aim: Grinder (lightly wounded, 63% to hit)
You shoot an arrow. The arrow barely misses Grinder.
Grinder gestures at you. Pain shoots through your body!
* * * LOW HITPOINT WARNING * * *
Grinder blinks!
Fire: a) +0 shortbow
Press: ? - help, Q - select action Shift-Dir - straight line, f/p - Grinder
Aim: Grinder (poison gas, lightly wounded, 63% to hit)
You shoot an arrow. The arrow closely misses Grinder.
Grinder gestures at you.
You suddenly lose the ability to move!
Grinder blinks!
You can move again.
Fire: a) +0 shortbow
Press: ? - help, Q - select action Shift-Dir - straight line, f/p - Grinder
Aim: Grinder (poison gas, lightly wounded, 63% to hit)
You shoot an arrow. The arrow hits Grinder.
Grinder is moderately wounded.
Fire: a) +0 shortbow
Press: ? - help, Q - select action Shift-Dir - straight line, f/p - Grinder
Aim: Grinder (moderately wounded, 63% to hit)
You shoot an arrow. The arrow barely misses Grinder.
Grinder gestures at you.
You barely resist.
Fire: a) +0 shortbow
Press: ? - help, Q - select action Shift-Dir - straight line, f/p - Grinder
Aim: Grinder (poison gas, moderately wounded, 63% to hit)
You shoot an arrow. The arrow barely misses Grinder.
Grinder gestures at you. Pain shoots through your body!
You die...

####### #......
####.##### #######
#......# #
.°....○########.##.#.###
.......@....○°..........
...○°.5########.##.#.###
..°○... ##.##.#.# #
....... #.....#.# #
.°..... #..##.#.#
####### #..##.#.#
#..#..#.# #..#..#.#
#..#..#.#


You could see Grinder.

Vanquished Creatures
  Terence (D:2)
  2 adders (D:2)
  A worm (D:2)
  A dart slug (D:2)
  5 orcs (D:3)
  3 ball pythons
  5 bats
  5 endoplasms
  A giant cockroach (D:2)
  6 goblins
  5 hobgoblins
  4 jackals (D:1)
  4 quokkas
  5 frilled lizards
  3 kobolds (D:1)
  4 rats
55 creatures vanquished.

Vanquished Creatures (others)
  4 plants (D:2)
4 creatures vanquished.

Grand Total: 59 creatures vanquished

Notes
Turn   | Place    | Note
-------+----------+-------------------------------------------
     0 | D:1      | drewk1942 the Gnoll Hunter began the quest for the Orb.
     0 | D:1      | Reached XP level 1. HP: 20/20 MP: 1/1
    89 | D:1      | Found Bilaciu's Jewellery Shoppe.
   105 | D:1      | Reached XP level 2. HP: 26/26 MP: 2/2
   314 | D:1      | Reached XP level 3. HP: 15/31 MP: 3/3
   602 | D:2      | Reached skill level 1 in Invocations
   679 | D:2      | Noticed Terence
   695 | D:2      | Killed Terence
   696 | D:2      | Reached skill level 1 in Short Blades
   696 | D:2      | Reached skill level 1 in Long Blades
   696 | D:2      | Reached skill level 1 in Axes
   696 | D:2      | Reached skill level 1 in Maces & Flails
   696 | D:2      | Reached skill level 1 in Polearms
   696 | D:2      | Reached skill level 1 in Staves
   696 | D:2      | Reached skill level 1 in Throwing
   696 | D:2      | Reached skill level 1 in Armour
   696 | D:2      | Reached skill level 1 in Shields
   696 | D:2      | Reached skill level 1 in Unarmed Combat
   696 | D:2      | Reached skill level 1 in Spellcasting
   696 | D:2      | Reached skill level 1 in Evocations
   696 | D:2      | Reached XP level 4. HP: 15/38 MP: 5/5
   814 | D:2      | Found Tofeco Ywih's Book Boutique.
   914 | D:2      | Reached skill level 1 in Conjurations
   914 | D:2      | Reached skill level 1 in Hexes
   914 | D:2      | Reached skill level 1 in Summonings
   914 | D:2      | Reached skill level 1 in Necromancy
   914 | D:2      | Reached skill level 1 in Translocations
   914 | D:2      | Reached skill level 1 in Transmutations
   914 | D:2      | Reached skill level 1 in Fire Magic
   914 | D:2      | Reached skill level 1 in Ice Magic
   914 | D:2      | Reached skill level 1 in Air Magic
   914 | D:2      | Reached skill level 1 in Earth Magic
   914 | D:2      | Reached skill level 1 in Poison Magic
  1845 | D:3      | Noticed Grinder
  1847 | D:3      | Paralysed by Grinder for 5 turns
  1855 | D:3      | Paralysed by Grinder for 2 turns
  1860 | D:3      | Killed from afar by Grinder

Illustrated notes

Levels and vault maps discovered:
D:1:      amcnicky_arrival_abandoned_market, layout_rooms, serial_shops,
          nicolae_shop_temple_entry_statues_fountains, minmay_misc_feat_plants
D:2:      layout_basic, serial_shops, shop, serial_bayou_lagoon_b, uniq_terence
D:3:      layout_basic, uniq_grinder

Skill      XL: |  1  2  3  4 |
---------------+-------------+-----
Invocations    | 1 |  1.5
Short Blades   | 1 |  1.3
Long Blades    | 1 |  1.3
Axes           | 1 |  1.3
Maces & Flails | 1 |  1.3
Polearms       | 1 |  1.3
Staves         | 1 |  1.3
Throwing       | 1 |  1.3
Armour         | 1 |  1.3
Shields        | 1 |  1.3
Unarmed Combat | 1 |  1.3
Spellcasting   | 1 |  1.3
Evocations     | 1 |  1.3
Conjurations   | 1 |  1.1
Hexes          | 1 |  1.1
Summonings     | 1 |  1.1
Necromancy     | 1 |  1.1
Translocations | 1 |  1.1
Transmutations | 1 |  1.1
Fire Magic     | 1 |  1.1
Ice Magic      | 1 |  1.1
Air Magic      | 1 |  1.1
Earth Magic    | 1 |  1.1
Poison Magic   | 1 |  1.1
Fighting       | |  4.7
Ranged Weapons | |  8.6
Dodging        | |  4.7
Stealth        | |  2.7

Action                   |  1- 3 |  4- 6 || total
-------------------------+-------+-------++-------
 Fire: Shortbow          |    94 |    67 ||   161
  Use: Potion            |     2 |       ||     2
       Scroll            |     1 |     1 ||     2
Armor: Chain mail        |    61 |    19 ||    80
       Skin              |     3 |     1 ||     4
Dodge: Dodged            |    25 |     4 ||    29

Table legend: (Time is in decaauts)
 A = Elapsed time spent in this place.
 B = Non-inter-level travel time spent in this place.
 C = Inter-level travel time spent in this place.
 D = Time resting spent in this place.
 E = Time spent auto-exploring this place.
 F = Levels seen in this place.
 G = Mean time per level.
                   A        B        C        D        E       F      G
               +--------+--------+--------+--------+--------+-----+--------+
         Total |   1983 |   1898 |     85 |      0 |   1491 |   3 |  661.0 |
       Dungeon |   1983 |   1898 |     85 |      0 |   1491 |   3 |  661.0 |
               +--------+--------+--------+--------+--------+-----+--------+

Top non-repeatable levels by time:
     D:2: 994 daAuts
     D:1: 580 daAuts
     D:3: 409 daAuts
